[Event "*** Titled Tuesday Blitz"]
[Site "Chess.com"]
[Date "2020.05.26"]
[Round "6"]
[White "Cocaino74"]
[Black "verdest"]
[Result "0-1"]
[WhiteElo "2359"]
[BlackElo "2527"]
[TimeControl "180+1"]
[EndTime "11:07:48 PDT"]
[Termination "verdest won by resignation"]

1. e4 c5 2. Nf3 Nc6 3. Bb5 d6 4. c3 Nf6 5. Qe2 Bd7 6. d4 cxd4 7.
cxd4 a6 8. Ba4 Qa5+ 9. Nc3 b5 10. Bb3 Bg4 11. e5 Nxd4 12. Qd3 Nxb3 13. exf6 Nxa1 14.
Qe4 Rd8 15. fxg7 Bxg7 16. Qxg4 Bxc3+ 17. bxc3 Qxc3+ 18. Bd2 Nc2+ 19. Kd1 Qa1+ 20. Bc1 Qc3 21. Qe4 Nb4 22. Re1 Qd3+ 23. Qxd3 Nxd3 24. Re4 Nxc1 25. Kxc1 e6 26. Nd4 Rc8+ 27. Kd2 Kd7 28. Rf4 Ke7 29. Nb3 Rc4 30. Rf3 Rhc8 31. Kd1 Rc2 32. a3 Ra2 33. Nc1 Ra1 0-1

[Event "*** Titled Tuesday Blitz"]
[Site "Chess.com"]
[Date "2020.05.26"]
[Round "6"]
[White "alekschess100"]
[Black "Boudicca64"]
[Result "1-0"]
[WhiteElo "2233"]
[BlackElo "1983"]
[TimeControl "180+1"]
[EndTime "11:07:48 PDT"]
[Termination "alekschess100 won on time"]

1. d4 d5 2. Nf3 Nf6 3. Bf4 e6 4. e3 Be7 5. Bd3 O-O 6. Nbd2 b6 7. O-O Bb7 8. Ne5 c5 9. c3 Nbd7 10. h3 Ne4 11. f3 Nxd2 12. Qxd2 Nxe5 13. Bxe5 f6 14. Bh2 Bd6 15. f4 Qe7 16. g4 e5 17.
dxe5 fxe5 18. f5 Qh4 19. Qg2 Rab8 20. Bg3 Qh6 21. c4 Qxe3+ 22. Rf2 Qxd3 23. Rd2 Qxc4 24. Re1 d4 25. Qh2 Qd5 26. Bxe5 Bxe5 27. Rxe5 Qf3 28.
Rf2 Qd1+ 29. Rf1 Qd3 30. Re7 Rfe8 31. g5 Bd5 32. f6 Qg6 33. f7+ Bxf7 34. Rexf7 Qxg5+ 35. Qg2 Qxg2+ 36. Kxg2 Rf8 37. Rxa7 Rxf1 38. Kxf1 Rf8+ 39.
Ke2 1-0

[Event "*** Titled Tuesday Blitz"]
[Site "Chess.com"]
[Date "2020.05.26"]
[Round "6"]
[White "TranJMinh"]
[Black "Nor1lsk"]
[Result "1-0"]
[WhiteElo "2793"]
[BlackElo "2598"]
[TimeControl "180+1"]
[EndTime "11:07:50 PDT"]
[Termination "TranJMinh won by resignation"]

1. d4 g6 2. e4 Bg7 3. Nc3 c6 4. Be3 d5 5. e5 f6 6. f4 Nh6 7. Nf3 Bg4 8. Bd3 O-O 9. O-O Nf5 10. Bf2 fxe5 11. dxe5 e6 12. h3 Bxf3 13. Qxf3 Nd7 14.
Ne2 g5 15. Qh5 Qe8 16. Qxg5 Kh8 17. c4 Rf7 18. cxd5 cxd5 19. Nd4 Bh6 20. Qg4 Rg7 21. Qf3 Nxd4 22. Bxd4 Qg8 23. f5 Rg3 24. Qe2 Qg5 25.
fxe6 Rg8 26. Rf2 Nf8 27. Bf5 Qe7 28. Raf1 Nxe6 29. Bxe6 Qxe6 30. Qh5 Bf4 31. Rxf4 Rxg2+ 32. Kh1 R2g3 33. Rg4 R3xg4 34. hxg4 Rg5 35. Qxg5 1-0

[Event "*** Titled Tuesday Blitz"]
[Site "Chess.com"]
[Date "2020.05.26"]
[Round "6"]
[White "ChessQueen"]
[Black "kingofthenil"]
[Result "0-1"]
[WhiteElo "2617"]
[BlackElo "2466"]
[TimeControl "180+1"]
[EndTime "11:07:50 PDT"]
[Termination "kingofthenil won by resignation"]

1. e4 Nc6 2. Nf3 d5 3. exd5 Qxd5 4. Nc3 Qh5 5. Be2 Bg4 6. d3 O-O-O 7. Be3 e5 8. h3 f5 9. Rh2 Bxf3 10. Bxf3 Qe8 11. Kf1 e4 12. Be2 Bd6 13. g3 Nf6 14.
d4 Be5 15. Bb5 a6 16. Ba4 b5 17. Nxb5 axb5 18. Bxb5 Bxd4 19. Bxd4 Rxd4 20. Qxd4 Nxd4 21. Bxe8 Rxe8 22. Kg2 Nxc2 23. Rc1 Nb4 24. Rhh1 Nxa2 25. Rc4 Nd5 26. Ra1 Nab4 27. Ra8+ Kd7 28. Rxe8 Kxe8 29. g4 g6 30. gxf5 gxf5 31. Kg3 Kf7 32. Rc5 Ke6 33. b3 Nd3 34. Rb5 f4+ 35. Kg2 Ke5 36. Rb8 Ne1+ 37. Kf1 Nf3 38. Re8+ Kd4 39. Rh8 Kd3 40. Kg2 Ne1+ 41. Kf1 Nc2 42. Rd8 c6 43.
Re8 e3 44. f3 Nd4 45. Kg2 e2 46. Kf2 Ne3 0-1

[Event "*** Titled Tuesday Blitz"]
[Site "Chess.com"]
[Date "2020.05.26"]
[Round "6"]
[White "Infernal_XaM"]
[Black "VitaliyBernadskiy"]
[Result "1-0"]
[WhiteElo "2845"]
[BlackElo "2704"]
[TimeControl "180+1"]
[EndTime "11:07:51 PDT"]
[Termination "Infernal_XaM won on time"]

1. c4 Nf6 2. Nc3 e5 3. e3 Nc6 4.
g4 h6 5. Bg2 d5 6. cxd5 Nb4 7. h3 Nbxd5 8. Nge2 Be7 9. d4 exd4 10.
Nxd5 Nxd5 11. Qxd4 Nb4 12. O-O O-O 13. Bd2 Nc2 14.
Qxd8 Rxd8 15. Rad1 Be6 16. b3 Bd5 17. Ba5 Bxg2 18.
Kxg2 b6 19. Bc3 c6 20. Rc1 Nb4 21. Nd4 Nxa2 22. Nxc6 Nxc1 23. Nxe7+ Kf8 24. Nf5 Nxb3 25. Bxg7+ Kg8 26. Rb1 Nc5 27. Bxh6 f6 28. Bf4 Nd3 29. Bg3 Nc5 30. h4 Ne4 31. h5 Kf7 32. Bh4 Rac8 33.
Rb4 Nd6 34. Rf4 Nxf5 35. Rxf5 Rc6 36. g5 a5 37. g6+ Kg7 38. e4 Re8 39. f3 a4 40. Rd5 Re7 41. e5 Rxe5 42. Rd7+ Kf8 43. h6 Re7 44. h7 1-0

[Event "*** Titled Tuesday Blitz"]
[Site "Chess.com"]
[Date "2020.05.26"]
[Round "6"]
[White "NotFischer"]
[Black "BIG_Pirate"]
[Result "0-1"]
[WhiteElo "2136"]
[BlackElo "2313"]
[TimeControl "180+1"]
[EndTime "11:07:51 PDT"]
[Termination "BIG_Pirate won on time"]

1. e4 d5 2. exd5 Qxd5 3. Nc3 Qa5 4. d4 Nf6 5. Bd2 Bg4 6. Be2 Bxe2 7. Ngxe2 Nc6 8. O-O O-O-O 9. Ne4 Qd5 10. Nxf6 gxf6 11. c3 Rg8 12. Ng3 e5 13. Qh5 exd4 14. Qxh7 Bc5 15. cxd4 Bxd4 16. Bf4 Be5 17. Be3 Kb8 18. Rab1 Qxa2 19. b4 Qd5 20. b5 Nd4 21. Bxd4 Qxd4 22.
Qf5 Bxg3 23. hxg3 Rxg3 24. Rfd1 Rd3 25. Re1 Rd2 26. g3 Rh8 27. Rbc1 Qd5 28. Qxd5 Rxd5 29. Re7 Rc8 30. Rxf7 f5 31. Re1 Rxb5 32. Ree7 a5 33. Re3 Rd8 34. Rf3 Rdd5 35. Kg2 a4 36. Rf8+ Ka7 37.
Ra3 Rb4 38. Rc8 c6 39. Re8 b5 40. Re6 Kb6 41. Rc3 Rc5 0-1

[Event "*** Titled Tuesday Blitz"]
[Site "Chess.com"]
[Date "2020.05.26"]
[Round "6"]
[White "Chigorinetz"]
[Black "12teen"]
[Result "0-1"]
[WhiteElo "2517"]
[BlackElo "2738"]
[TimeControl "180+1"]
[EndTime "11:07:52 PDT"]
[Termination "12teen won by checkmate"]

1. e4 b6 2. Nc3 Bb7 3. f4 e6 4. Nf3 Nf6 5. e5 Nd5 6. Nxd5 Bxd5 7. d4 d6 8. Bd3 c5 9. c4 Bb7 10. Be3 cxd4 11. Nxd4 dxe5 12. fxe5 Bxg2 13. Rg1 Bb7 14. c5 bxc5 15. Nxe6 fxe6 16. Qh5+ Kd7 17. O-O-O Kc7 18. Qf7+ Qd7 19. Qf2 Bd5 20. Kb1 Nc6 21. Bxc5 Bxa2+ 22. Ka1 Bd5 23. Rc1 Kb7 24. Rg4 a5 25. Bb5 Qc7 26. Bd6 Bxd6 27. exd6 Qd7 28. Rf4 Qxd6 29. Rf7+ Ne7 30. Qh4 Rac8 31. Rxe7+ Kb8 32. Rd1 Qc5 33. Qf4+ Ka8 34. Ba6 Qxe7 35. Bxc8 Rxc8 36. Qe5 Qb7 37. h4 Qb3 38. Rxd5 Rc1# 0-1

[Event "*** Titled Tuesday Blitz"]
[Site "Chess.com"]
[Date "2020.05.26"]
[Round "6"]
[White "CyberneticLion"]
[Black "DinaBelenkaya"]
[Result "1-0"]
[WhiteElo "2446"]
[BlackElo "2250"]
[TimeControl "180+1"]
[EndTime "11:07:52 PDT"]
[Termination "CyberneticLion won by checkmate"]

1. e4 d5 2. exd5 Qxd5 3. Nc3 Qa5 4. d4 Nf6 5. Nf3 c6 6. Be2 Bf5 7. O-O e6 8. Bg5 Nbd7 9. a3 Bd6 10. Bh4 O-O 11. Bg3 Bxg3 12. hxg3 Rfd8 13. Bd3 Bxd3 14. Qxd3 b5 15. Qe3 Qb6 16. Rad1 a5 17. Rfe1 Qc7 18. Ne5 Nb6 19. b3 Nbd5 20. Nxd5 cxd5 21. f3 b4 22. axb4 axb4 23. Rd2 Ra2 24. Qd3 Rda8 25. g4 Qc3 26.
Qxc3 bxc3 27. Rf2 Ne8 28. Re3 Rc8 29. Re1 Nd6 30. f4 Ne4 31. Rfe2 Rca8 32. Nd3 Ra1 33. Nc5 R8a2 34. Nxe4 Rxe1+ 35. Rxe1 dxe4 36. Rxe4 Rxc2 37.
d5 Rd2 38. Rc4 f5 39. dxe6 c2 40. Rc8+ Rd8 41. Rxd8# 1-0

[Event "*** Titled Tuesday Blitz"]
[Site "Chess.com"]
[Date "2020.05.26"]
[Round "6"]
[White "jd001"]
[Black "bluejay1897"]
[Result "0-1"]
[WhiteElo "2167"]
[BlackElo "2357"]
[TimeControl "180+1"]
[EndTime "11:07:53 PDT"]
[Termination "bluejay1897 won on time"]

1. d4 Nf6 2. c4 e6 3. Nc3 d5 4.
cxd5 exd5 5. Bg5 Be7 6. e3 c6 7. Bd3 O-O 8. Qc2 Nbd7 9. O-O-O Re8 10. h4 h6 11. Nf3 Nf8 12. Ne5 Ng4 13. Bxe7 Qxe7 14.
Nxg4 Bxg4 15. Rde1 Rac8 16. f3 Be6 17. g4 c5 18. Kb1 cxd4 19. exd4 Qf6 20. g5 hxg5 21.
hxg5 Qxg5 22. Reg1 Qf6 23. Qh2 Ng6 24. Bxg6 fxg6 25. Qg3 b5 26. Rh4 b4 27. Na4 Bf5+ 28. Ka1 Rc4 29. Rgh1 Kf7 30. Nc5 Rxd4 31. Rxd4 Qxd4 32.
Nb3 Qf6 33. Rd1 Re2 34. Nd4 Qe7 35. Nxf5 gxf5 36. Qf4 Re1 37. Qxf5+ Kg8 38. Qxd5+ Kh7 39. b3 Qf6+ 40. Kb1 Rxd1+ 0-1

[Event "*** Titled Tuesday Blitz"]
[Site "Chess.com"]
[Date "2020.05.26"]
[Round "6"]
[White "Olkaa"]
[Black "rpragchess"]
[Result "1-0"]
[WhiteElo "2625"]
[BlackElo "2820"]
[TimeControl "180+1"]
[EndTime "11:07:54 PDT"]
[Termination "Olkaa won on time"]

1. e4 c5 2. Nf3 Nc6 3. Nc3 d6 4. d4 cxd4 5. Nxd4 Nf6 6. Bg5 e6 7. Qd2 a6 8. O-O-O Be7 9. f4 Bd7 10. Nf3 b5 11. Bxf6 gxf6 12. f5 Qb6 13. Qh6 O-O-O 14. Qh5 Rhf8 15. Kb1 Kb8 16. Bd3 Bc8 17.
Rhe1 Qc5 18. g3 b4 19. Ne2 e5 20. Qxh7 d5 21. Nc1 a5 22. exd5 Rxd5 23. Be4 Rxd1 24.
Rxd1 a4 25. Rd5 Qe3 26. Qh4 Kc7 27. Rd3 Qc5 28. Qh6 Ba6 29. Rd5 Qb6 30. Qd2 a3 31. Rd7+ Kc8 32. Bxc6 axb2 33. Nb3 Qxc6 34. Rxe7 Rd8 35.
Qxb4 Be2 36. Nfd2 1-0

[Event "*** Titled Tuesday Blitz"]
[Site "Chess.com"]
[Date "2020.05.26"]
[Round "6"]
[White "Love_craft"]
[Black "Volodar_Murzin"]
[Result "0-1"]
[WhiteElo "2473"]
[BlackElo "2708"]
[TimeControl "180+1"]
[EndTime "11:07:54 PDT"]
[Termination "Volodar_Murzin won by resignation"]

1. d4 Nf6 2. c4 g6 3. Nc3 Bg7 4. e4 O-O 5. Be2 d6 6. Be3 e5 7. d5 Na6 8. g4 Nc5 9. f3 a5 10.
h4 h5 11. g5 Nh7 12. Qd2 f6 13. gxf6 Bxf6 14. Bf2 Be7 15. O-O-O Rf4 16. Bg3 Rxh4 17.
Bxh4 Bxh4 18. f4 exf4 19. Nf3 Bg3 20. e5 Ng5 21. e6 b6 22. Rhg1 Nxf3 23. Bxf3 Ba6 24.
Qd4 Qg5 25. Rde1 Re8 26. Re2 h4 27. b3 Re7 28. Kb2 h3 29. a3 a4 30. b4 Nb3 31.
Qd3 Qf6 32. Ka2 Kg7 33. Ne4 Qd4 34. Qxd4+ Nxd4 35. Reg2 Bxc4+ 36. Kb2 hxg2 37. Nxg3 fxg3 38. Rxg2 Nxf3 0-1

[Event "*** Titled Tuesday Blitz"]
[Site "Chess.com"]
[Date "2020.05.26"]
[Round "6"]
[White "chenrip"]
[Black "pooh2012"]
[Result "1-0"]
[WhiteElo "2294"]
[BlackElo "2438"]
[TimeControl "180+1"]
[EndTime "11:07:54 PDT"]
[Termination "chenrip won by checkmate"]

1. e4 c6 2. d4 d5 3. e5 Bf5 4. Bd3 Bxd3 5. Qxd3 e6 6. Ne2 Qa5+ 7. c3 Qa6 8. Qf3 Ne7 9. O-O Nf5 10. Ng3 Nh4 11.
Qh5 Ng6 12. Nd2 c5 13. Nf3 Nc6 14. Be3 cxd4 15. cxd4 Be7 16. a3 Qb5 17. b4 a5 18.
bxa5 Rxa5 19. Rfb1 Qa6 20. h3 O-O 21. a4 Rb8 22. Bg5 Bb4 23. Qg4 Rxa4 24. Rxa4 Qxa4 25.
Nh5 Qc2 26. Rc1 Qf5 27. Qg3 Be7 28. Bxe7 Ncxe7 29. Nf6+ gxf6 30. exf6 Rc8 31. Rxc8+ Nxc8 32. Qb8 Qb1+ 33. Kh2 Qc2 34. Qxb7 h6 35. Ne5 Nxe5 36. dxe5 Qc3 37. f4 Qc4 38. Kg3 d4 39. Qd7 Qd3+ 40.
Kh2 Nb6 41. Qd8+ Kh7 42. Qxb6 Qe4 43. Kg3 d3 44. Qd8 Kg6 45. Qg8+ Kh5 46. Qg4# 1-0

[Event "*** Titled Tuesday Blitz"]
[Site "Chess.com"]
[Date "2020.05.26"]
[Round "6"]
[White "Tashik"]
[Black "krasavetc"]
[Result "1-0"]
[WhiteElo "2448"]
[BlackElo "2253"]
[TimeControl "180+1"]
[EndTime "11:07:54 PDT"]
[Termination "Tashik won by resignation"]

1. c4 Nf6 2. Nc3 g6 3. e4 d6 4. d4 Bg7 5. f4 O-O 6. Nf3 Bg4 7. Be2 Nc6 8. d5 Nb8 9. O-O Nbd7 10. h3 Bxf3 11. Bxf3 a5 12. Be3 Re8 13. Bd4 e5 14. dxe6 Rxe6 15. Qc2 c6 16. Rad1 Qc7 17. Qf2 Rae8 18. Rfe1 Rb8 19. Rc1 Ne8 20. Be3 Nf8 21. Nd5 Qd8 22. Bb6 Qd7 23. Bg4 f5 24. exf5 Rxe1+ 25. Rxe1 cxd5 26. f6 Qf7 27. fxg7 Nxg7 28. cxd5 Qxd5 29. Bd4 Nf5 30. Bc3 Qf7 31. Rd1 d5 32.
Bxf5 Qxf5 33. Qd4 Ne6 34. Qh8+ Kf7 35. Qxb8 Nxf4 36. Qxb7+ Ke8 37. Qb8+ Kf7 38. Qc7+ Ke8 39. Re1+ Kf8 1-0

[Event "*** Titled Tuesday Blitz"]
[Site "Chess.com"]
[Date "2020.05.26"]
[Round "6"]
[White "ural58"]
[Black "gumimis"]
[Result "0-1"]
[WhiteElo "2462"]
[BlackElo "2198"]
[TimeControl "180+1"]
[EndTime "11:07:54 PDT"]
[Termination "gumimis won on time"]

1. e4 c5 2. b3 Nc6 3. Bb2 e6 4. Qe2 Nf6 5. e5 Nd5 6. Nf3 d6 7. exd6 Qxd6 8. Na3 a6 9. Nc4 Qc7 10. O-O-O b5 11. Nce5 Bb7 12. Nxc6 Bxc6 13. Ne5 Bb7 14. Qg4 O-O-O 15. f4 h5 16. Qg3 h4 17. Qf2 Bd6 18. Be2 h3 19. g3 Nf6 20. Rhe1 Ne4 21. Qg1 f6 22. Ng6 Rh6 23. Nh4 c4 24. Kb1 Bc5 25.
Qf1 Nxd2+ 26. Rxd2 Rxd2 27. Bf3 Rh8 28. Bxb7+ Kxb7 29. Nf3 Rd6 30. bxc4 b4 31. Nh4 Rhd8 32. Bc1 Bd4 33.
Qxh3 Bc3 34. Qg2+ Qc6 35. Qxc6+ Kxc6 36. Rf1 Rd1 37. Rxd1 Rxd1 0-1

[Event "*** Titled Tuesday Blitz"]
[Site "Chess.com"]
[Date "2020.05.26"]
[Round "6"]
[White "almaguerjm"]
[Black "Korchmar_Vasiliy"]
[Result "0-1"]
[WhiteElo "2348"]
[BlackElo "2575"]
[TimeControl "180+1"]
[EndTime "11:07:56 PDT"]
[Termination "Korchmar_Vasiliy won by resignation"]

1. d4 Nf6 2. Nc3 d5 3. Bf4 a6 4.
e3 Nbd7 5. g4 h6 6. h4 g6 7. Bg2 Nb6 8. g5 Nh5 9. Be5 f6 10. gxf6 exf6 11. Bh2 Bb4 12. Ne2 Nc4 13. Rb1 c6 14. a3 Ba5 15. Qd3 Bf5 16. e4 Be6 17.
exd5 cxd5 18. Qxg6+ Bf7 19. Qd3 Rg8 20. Bh3 Qe7 21. Qf5 Nxb2 22. Qd7+ Qxd7 23. Bxd7+ Kxd7 24. Rxb2 b5 25. Kd1 Rac8 26. Na2 Rg2 27. Bg3 Be6 28. Nb4 Bg4 29. c3 Bxb4 30. cxb4 Nxg3 31. fxg3 Re8 32. Re1 Re3 33. Rc2 Kd6 34. Rb2 Rexg3 35. Kc1 Re3 36. Kd1 h5 37. Rd2 f5 38. Rc2 f4 39.
Kd2 Rexe2+ 40. Rxe2 Rxe2+ 0-1

[Event "*** Titled Tuesday Blitz"]
[Site "Chess.com"]
[Date "2020.05.26"]
[Round "6"]
[White "KNVB"]
[Black "PlayChessSimple"]
[Result "1-0"]
[WhiteElo "2771"]
[BlackElo "2499"]
[TimeControl "180+1"]
[EndTime "11:07:57 PDT"]
[Termination "KNVB won on time"]

1. b3 f5 2. Bb2 Nf6 3. e3 g6 4. g4 fxg4 5. h3 g3 6. f4 Bg7 7. Nc3 O-O 8. Bg2 d6 9. Qf3 e5 10.
fxe5 dxe5 11. O-O-O Nh5 12. Qd5+ Kh8 13. Qxd8 Rxd8 14.
Nf3 Nc6 15. Ne4 h6 16. Rhf1 Bf5 17. Nh4 Ne7 18. Ba3 Bxe4 19. Bxe4 g5 20. Bxe7 gxh4 21.
Bxd8 Rxd8 22. Rf7 Nf6 23. Bg2 Rd7 24. Rxd7 Nxd7 25. Bxb7 Nc5 26. Bg2 Ne6 27. Rf1 Ng5 28.
b4 e4 29. Rf4 Be5 30. Rxh4 Kg7 31. Kd1 Kg6 32. Ke2 h5 33. Bxe4+ Nxe4 34. Rxe4 Kf5 35. d3 Bd6 36. b5 Kg5 37. Kf3 h4 38. Rg4+ Kh5 39.
d4 1-0

[Event "*** Titled Tuesday Blitz"]
[Site "Chess.com"]
[Date "2020.05.26"]
[Round "6"]
[White "SlavenPastar"]
[Black "SerGo055"]
[Result "0-1"]
[WhiteElo "2395"]
[BlackElo "2565"]
[TimeControl "180+1"]
[EndTime "11:07:58 PDT"]
[Termination "SerGo055 won on time"]

1. d4 d5 2. c4 e6 3. Nc3 Nf6 4. cxd5 exd5 5. Bg5 c6 6. e3 Be7 7. Bd3 O-O 8. Qc2 Nbd7 9. Nf3 Re8 10. O-O Nf8 11.
a3 Ne4 12. Bxe7 Qxe7 13. b4 a6 14. Na4 Bf5 15. Nc5 Bg6 16. Ne5 Rad8 17. a4 Rd6 18. b5 axb5 19. axb5 Nxc5 20. Nxg6 Nxg6 21. dxc5 Rf6 22. Ra7 Rc8 23. b6 Rd8 24. Rfa1 Re6 25. Ra8 Qf6 26. Rxd8+ Qxd8 27. Ra7 Re7 28. Qa4 Qd7 29.
Ra8+ Nf8 30. Qh4 g6 31. h3 Kg7 32. Qf4 Re8 33. Ra7 Ne6 34. Qe5+ f6 35. Qd6 Rd8 36. Qg3 Nxc5 37. Be2 Ne4 38. Qc7 Nc5 39. Ba6 Nxa6 0-1

[Event "*** Titled Tuesday Blitz"]
[Site "Chess.com"]
[Date "2020.05.26"]
[Round "6"]
[White "mortngabriel"]
[Black "PawnEatingZombie"]
[Result "0-1"]
[WhiteElo "2429"]
[BlackElo "2266"]
[TimeControl "180+1"]
[EndTime "11:07:58 PDT"]
[Termination "PawnEatingZombie won on time"]

1. Nf3 d5 2. b3 Bg4 3. Bb2 e6 4. e3 Nf6 5. Be2 Nbd7 6. O-O Bd6 7. d4 O-O 8. Nbd2 a5 9. a3 c6 10.
c4 Qe7 11. Ne5 Bxe2 12. Qxe2 c5 13. Nxd7 Qxd7 14. cxd5 Nxd5 15. Nc4 Qb5 16. Qg4 Be7 17. dxc5 Bf6 18. Nd6 Qxb3 19. Bxf6 Nxf6 20. Qf3 Rac8 21.
Nxc8 Rxc8 22. Rfb1 Qc2 23. Qxb7 Qxc5 24. h3 h5 25. Rc1 Qxc1+ 26. Rxc1 Rxc1+ 27. Kh2 Rc2 28. f3 Nd5 29. e4 Ne3 30. Qb8+ Kh7 31. Qb3 Rxg2+ 32. Kh1 Re2 33. Qd3 Re1+ 34. Kh2 h4 35. e5+ g6 36. a4 Nf1+ 37. Kg2 Ng3 38. Kf2 Re2+ 0-1

[Event "*** Titled Tuesday Blitz"]
[Site "Chess.com"]
[Date "2020.05.26"]
[Round "6"]
[White "The_Machine04"]
[Black "Lagravesamuell"]
[Result "0-1"]
[WhiteElo "2295"]
[BlackElo "2468"]
[TimeControl "180+1"]
[EndTime "11:07:59 PDT"]
[Termination "Lagravesamuell won on time"]

1. d4 Nf6 2. Bg5 e6 3. Nd2 d5 4. e3 c5 5. c3 h6 6. Bf4 Bd6 7.
Bg3 Qc7 8. Bd3 Nbd7 9. Bxd6 Qxd6 10. f4 g5 11. g3 gxf4 12. gxf4 b6 13. Ngf3 Bb7 14.
Ne5 Ke7 15. Qf3 c4 16. Bc2 b5 17. Rg1 Rag8 18. Ke2 b4 19. Qh3 bxc3 20. bxc3 Qa3 21. Rab1 Bc8 22. Rxg8 Rxg8 23. f5 Nf8 24. Rb8 N8d7 25.
Nxd7 Bxd7 26. Rxg8 Nxg8 27. fxe6 Bxe6 28. Qh4+ Nf6 29. Qg3 Qxc3 30. Qc7+ Nd7 31. Ba4 Bg4+ 32. Ke1 Qxe3+ 33. Kf1 Qe2+ 34. Kg1 Qxd2 35. Bxd7 Qxd4+ 36. Kg2 Bxd7 0-1

[Event "*** Titled Tuesday Blitz"]
[Site "Chess.com"]
[Date "2020.05.26"]
[Round "6"]
[White "Roenko_Artur"]
[Black "Kildepiotr"]
[Result "0-1"]
[WhiteElo "2292"]
[BlackElo "2480"]
[TimeControl "180+1"]
[EndTime "11:07:59 PDT"]
[Termination "Kildepiotr won on time"]

1. e4 g6 2. d4 Bg7 3. Nc3 c6 4. Be3 d5 5. e5 Nh6 6. Bd3 Nf5 7. Bxf5 Bxf5 8. h4 h5 9. Qd2 c5 10. O-O-O cxd4 11. Qxd4 e6 12. Nf3 Nc6 13. Qa4 O-O 14. Rhe1 Bg4 15. Bc5 Re8 16. Bd6 a6 17. Qf4 b5 18. Ng5 f6 19. exf6 Qxf6 20. Qxf6 Bxf6 21. f3 Bf5 22. Kb1 b4 23. Na4 Rad8 24. Bc7 Rd7 25. Bg3 e5 26. Nb6 Rd6 27. Nxd5 Bd8 28. Ne3 Rxd1+ 29. Rxd1 Nd4 30. Nxf5 gxf5 31. Re1 Bxg5 32. hxg5 e4 33. fxe4 fxe4 34. Bf4 Kf7 35. c3 bxc3 36. bxc3 Nf5 37. Kc2 Kg6 38. g3 Re6 39. Kd2 Ne7 40.
Ke2 Kf5 41. Ke3 Nd5+ 42. Kd4 Nxf4 43. gxf4 Kxf4 0-1

[Event "*** Titled Tuesday Blitz"]
[Site "Chess.com"]
[Date "2020.05.26"]
[Round "6"]
[White "DivyaDeshmukh23"]
[Black "dennisodessa"]
[Result "0-1"]
[WhiteElo "2423"]
[BlackElo "2255"]
[TimeControl "180+1"]
[EndTime "11:07:59 PDT"]
[Termination "dennisodessa won by resignation"]

1. e4 e6 2. d4 d5 3. Nd2 Nf6 4. e5 Nfd7 5. Bd3 c5 6. c3 Nc6 7. Ne2 cxd4 8. cxd4 f6 9. exf6 Qxf6 10. Nf3 h6 11.
O-O Bd6 12. Ng3 O-O 13. Bc2 Rd8 14. b3 Nf8 15. Bb2 Bd7 16. Re1 Be8 17. a3 Bg6 18. b4 Rac8 19. Rc1 Bxc2 20. Rxc2 Ng6 21. Rce2 Nf4 22.
Re3 Rf8 23. Ne5 Bxe5 24. dxe5 Qh4 25. Rf3 Rf7 26. Bc1 Rcf8 27. Bxf4 Rxf4 28. Rxf4 Qxf4 29.
Qe2 Nd4 30. Qf1 Nc2 31. Rc1 Nxa3 32. Ne2 Qxe5 33. Ra1 Nc4 34. Rxa7 Nd2 35. Qd1 Ne4 36. f3 Nc3 37. Nxc3 Qxc3 38. Rxb7 Qe3+ 39. Kh1 Rd8 40. Re7 d4 41. h3 d3 42. b5 d2 43. Qb1 Qe1+ 0-1

[Event "*** Titled Tuesday Blitz"]
[Site "Chess.com"]
[Date "2020.05.26"]
[Round "6"]
[White "Gerasimenyuk_Miha"]
[Black "Morshynska"]
[Result "1-0"]
[WhiteElo "2402"]
[BlackElo "2178"]
[TimeControl "180+1"]
[EndTime "11:07:59 PDT"]
[Termination "Gerasimenyuk_Miha won on time"]

1. d4 d5 2. Nf3 Nf6 3. Bg5 Ne4 4. Bh4 c5 5. e3 Qb6 6. Nc3 Nxc3 7. bxc3 Nc6 8. Bd3 c4 9. Be2 Qa5 10. Qd2 Bf5 11.
O-O e6 12. Rab1 b5 13. Ne5 Nxe5 14. dxe5 Ba3 15. f3 O-O 16. e4 dxe4 17. fxe4 Bxe4 18.
Bh5 b4 19. cxb4 Qxe5 20. Qe2 a5 21. Rbe1 f5 22. Qxc4 Bxb4 23. Re2 Rac8 24. Qb3 Rc3 25. Qa4 Qc5+ 26. Bf2 Qc6 27. Qxc6 Rxc6 28. Bf3 Bxf3 29. gxf3 Kf7 30. Rd1 Rd6 31. Rb1 Rc8 32. a3 Bxa3 33. Rb7+ Kg8 34. Bg3 Bc5+ 35. Kg2 Rb6 36. Ra7 Bb4 37. Be5 Bf8 38. c3 Rbc6 39. Rxa5 Rc5 40. Ra7 Rc4 41. Bd4 1-0

[Event "*** Titled Tuesday Blitz"]
[Site "Chess.com"]
[Date "2020.05.26"]
[Round "6"]
[White "Bastiandash"]
[Black "m-garcett"]
[Result "1-0"]
[WhiteElo "2114"]
[BlackElo "1972"]
[TimeControl "180+1"]
[EndTime "11:07:59 PDT"]
[Termination "Bastiandash won by resignation"]

1. Nf3 Nf6 2. d4 g6 3. c3 Bg7 4. Bg5 d6 5. Nbd2 O-O 6. e4 c5 7. dxc5 dxc5 8. Bc4 Nc6 9. O-O Qc7 10. Qc2 e6 11. Rad1 a6 12. a4 Rb8 13. Rfe1 b5 14. axb5 axb5 15. Bf1 Bb7 16. Bxb5 Ne5 17. Bf1 h6 18. Be3 Neg4 19. h3 Nxe3 20. Rxe3 Nh5 21. g3 Rfd8 22. Nc4 Rxd1 23. Qxd1 Rd8 24. Rd3 Rxd3 25.
Qxd3 Nf6 26. Nfd2 h5 27. Bg2 h4 28. g4 Qf4 29. Qd6 Qg5 30. Qb8+ Kh7 31. Qxb7 Qf4 32. Qxf7 e5 33. Qe6 Bh6 34. Qe7+ Bg7 35. Qxc5 Ne8 36. Qe7 Nf6 37. Qxe5 Qxe5 38. Nxe5 Nxe4 39. Nxe4 Bxe5 40.
b4 Kg7 41. c4 Kf7 42. b5 Bd4 43. c5 Ke6 44. c6 Bb6 45. Ng5+ Ke5 46. Nf3+ Kf4 47.
Nxh4 Ke5 48. Nxg6+ Kd4 1-0

[Event "*** Titled Tuesday Blitz"]
[Site "Chess.com"]
[Date "2020.05.26"]
[Round "6"]
[White "chessdjw"]
[Black "Chessmatus"]
[Result "1-0"]
[WhiteElo "2715"]
[BlackElo "2500"]
[TimeControl "180+1"]
[EndTime "11:08:00 PDT"]
[Termination "chessdjw won on time"]

1. e4 e5 2. Nf3 Nc6 3. Bb5 Nf6 4. O-O Nxe4 5. d4 Nd6 6. Bxc6 dxc6 7. dxe5 Nf5 8. Qxd8+ Kxd8 9. h3 Ke8 10. Nc3 b6 11. g4 Ne7 12. Ng5 h6 13. Nge4 h5 14. f3 hxg4 15. hxg4 Nd5 16. Ne2 Ba6 17. Rf2 Rd8 18.
Bg5 Be7 19. Bxe7 Nxe7 20. N2g3 c5 21. Re1 Kf8 22. Kg2 Ng6 23. f4 Bb7 24. Kf3 Rh4 25.
Nf5 Rh3+ 26. Kg2 Rh8 27. Kg3 Bc8 28. Ng5 f6 29. exf6 gxf6 30. Ne6+ Bxe6 31. Rxe6 Kf7 32. Rfe2 Rd1 33. Rc6 Rd7 34. Ree6 Nf8 35. Rxf6+ Ke8 36. g5 Rh1 37. Rh6 Rg1+ 38. Kf2 Rc1 39. Ne3 Rf7 40. Rcf6 Rxf6 41. Rxf6 Nd7 42. Rf5 Ke7 43. g6 1-0

[Event "*** Titled Tuesday Blitz"]
[Site "Chess.com"]
[Date "2020.05.26"]
[Round "6"]
[White "Sanyura"]
[Black "Evgeny81"]
[Result "1-0"]
[WhiteElo "2496"]
[BlackElo "2702"]
[TimeControl "180+1"]
[EndTime "11:08:00 PDT"]
[Termination "Sanyura won by resignation"]

1. e4 c5 2. Nf3 d6 3. d4 cxd4 4. Nxd4 Nf6 5. Nc3 a6 6. g3 e5 7. Nb3 b5 8. Bg2 Bb7 9. O-O Be7 10.
a4 b4 11. Nd5 Bxd5 12. exd5 O-O 13. Bd2 a5 14. c3 Na6 15. cxb4 Nxb4 16. Bxb4 axb4 17.
Qd2 Qb6 18. Rfc1 Rfb8 19. Rc6 Qd8 20. a5 g6 21. a6 Nd7 22. a7 Rb7 23. Qe3 Nb6 24. Ra6 Nc8 25. Na5 Rbxa7 26. Rxc8 Qxc8 27. Rxa7 Rxa7 28. Qxa7 Qc1+ 29. Bf1 Bg5 30. Qb8+ Kg7 31.
Qxd6 Bf6 32. Qxb4 Qd1 33. Qe4 h5 34. Nc4 Qc1 35. d6 Qd1 36. Qe2 Qd4 37. Qd3 Qc5 38. d7 Bd8 39. Qd6 Qa7 40. Qxe5+ Kh7 41. Qe8 Qb8 42.
Qxf7+ Kh6 43. Bd3 1-0

[Event "*** Titled Tuesday Blitz"]
[Site "Chess.com"]
[Date "2020.05.26"]
[Round "6"]
[White "TokChess"]
[Black "nurmiTV"]
[Result "1-0"]
[WhiteElo "2362"]
[BlackElo "2493"]
[TimeControl "180+1"]
[EndTime "11:08:00 PDT"]
[Termination "TokChess won by resignation"]

1. Nf3 g6 2. g3 Bg7 3. Bg2 d6 4. O-O Nf6 5. c4 O-O 6. Nc3 c6 7. d4 Nbd7 8. Qc2 Qc7 9. Rd1 e5 10. e4 Re8 11. b3 b6 12. Ba3 exd4 13. Nxd4 Bb7 14. Ndb5 cxb5 15. Nxb5 Qc6 16. Nxd6 Ng4 17. Bb2 Bxb2 18. Qxb2 Nc5 19. Nxb7 Nxb7 20. h3 Ne5 21. f4 Qc5+ 22. Kh2 Nc6 23. Rd5 Qe7 24. e5 Rac8 25. Rad1 Rc7 26. Qd2 Rec8 27. h4 Nc5 28. b4 Ne6 29. a3 a6 30. Rd6 a5 31. Bd5 axb4 32. axb4 Ncd8 33. Rxb6 Ng7 34. Rf6 Nf5 35. b5 Ne6 36. Kh3 Ned4 37. g4 Nb3 38. Qe1 Nfd4 39.
Rxf7 Qxf7 40. Bxf7+ Rxf7 41. Qe4 Rxc4 42. b6 Rc3+ 43. Rd3 Rxf4 44. Rxc3 Rxe4 45. b7 Nc6 46. Rxc6 Rb4 47. Rc8+ 1-0